 Dungeon Crawl Stone Soup version 0.28.0-43-g3370ac3207 (webtiles) character file.

Game seed: 17728942149177287380

56 Gatts13 the Shield-Bearer (level 3, 0/36 HPs)
             Began as a Troll Fighter on Mar 11, 2022.
             Slain by a water moccasin (4 damage)
             ... on level 3 of the Dungeon.
             The game lasted 00:09:23 (2013 turns).

Gatts13 the Shield-Bearer (Troll Fighter)           Turns: 2013, Time: 00:09:24

Health: 0/36       AC:  4    Str: 26    XL:     3   Next: 71%
Magic:  2/2        EV:  8    Int:  4    God:
Gold:   40         SH:  7    Dex:  9    Spells: 2/2 levels left

rFire   . . .      SeeInvis .   a - +0 trident
rCold   . . .      Faith    .   c - +0 kite shield
rNeg    . . .      Spirit   .   b - +0 robe
rPois   .          Reflect  .   (helmet restricted)
rElec   .          Harm     .   (no cloak)
rCorr   .          Rampage  .   (gloves unavailable)
Will    .....                   (boots unavailable)
Stlth   +.........              (no amulet)
HPRegen 0.92/turn               (no ring)
MPRegen 0.08/turn               (no ring)

@: no status effects
A: large, unfitting armour, claws 3, regeneration 1, shaggy fur 1, tough skin 1
a: no special abilities


You were on level 3 of the Dungeon.
You visited 1 branch of the dungeon, and saw 3 of its levels.

You collected 40 gold pieces.

Inventory:

Hand Weapons
 a - a +0 trident (weapon)
 e - a +0 club
 f - a +0 whip
 k - a +0 flail
 l - a +0 short sword
Missiles
 g - 11 stones (quivered)
 s - 47 sling bullets
 x - 19 arrows
Armour
 b - a +0 robe (worn)
 c - a +0 kite shield (worn)
 i - a +0 pair of gloves
 r - a +0 leather armour
 u - a +0 robe
Scrolls
 h - a scroll of teleportation {unknown}
 j - 3 scrolls of identify {unknown}
 o - a scroll of holy word {unknown}
 p - a scroll of brand weapon {unknown}
 q - a scroll of silence {unknown}
 v - a scroll of enchant weapon {unknown}
Potions
 d - a potion of might
 m - a potion of flight {unknown}
 n - 2 potions of magic {unknown}
 t - a potion of cancellation {unknown}
 w - a potion of haste {unknown}


   Skills:
 + Level 2.6 Fighting
 + Level 2.3 Polearms
 + Level 2.7 Dodging
 + Level 3.0 Shields


You had 2 spell levels left.
You didn't know any spells.
Your spell library was empty.

Dungeon Overview and Level Annotations

Branches:
Dungeon (3/15)

Altars:


Innate Abilities, Weirdness & Mutations

You are too large for most types of armour.
You have claws for hands.
Your natural rate of healing is unusually fast.
You are covered in fur. (AC +1)
You have tough skin. (AC +1)


Message History

You feel sick. You block the water moccasin's attack.
The water moccasin completely misses you.
You miss the water moccasin.
The water moccasin is moderately wounded.
You feel sick.
The water moccasin bites you but does no damage.
The water moccasin barely misses you.
You barely miss the water moccasin.
The water moccasin is moderately wounded.
You feel sick. The water moccasin bites you.
* * * LOW HITPOINT WARNING * * *
You block the water moccasin's attack.
You hit the water moccasin.
The water moccasin is heavily wounded.
You feel sick.
You are no longer poisoned.
You block the water moccasin's attack. The water moccasin bites you.
* * * LOW HITPOINT WARNING * * *
You barely miss the water moccasin.
The water moccasin is heavily wounded.
You block the water moccasin's attack. The water moccasin barely misses you.
You miss the water moccasin.
The water moccasin is heavily wounded.
The water moccasin completely misses you.
You closely miss the water moccasin.
The water moccasin is heavily wounded.
You block the water moccasin's attack. The water moccasin bites you.
* * * LOW HITPOINT WARNING * * *
You hit the water moccasin.
The water moccasin is heavily wounded.
You block the water moccasin's attack. The water moccasin barely misses you.
You barely miss the water moccasin.
The water moccasin is heavily wounded.
The water moccasin bites you.
* * * LOW HITPOINT WARNING * * *
You block the water moccasin's attack.
You miss the water moccasin.
The water moccasin is heavily wounded.
The water moccasin barely misses you. The water moccasin bites you.
You die...

############
#@.........#
#S########.#
#.# #.# ..#
#.# .### #.#
#. ###.# #
#...# #.###
#####.#


You could see a water moccasin.

Vanquished Creatures
  An adder (D:2)
  2 worms (D:2)
  2 dart slugs (D:2)
  3 ball pythons
  3 endoplasms (D:1)
  4 giant cockroaches
  4 goblins
  4 hobgoblins (D:2)
  2 quokkas (D:1)
  2 bats (D:2)
  5 kobolds
  A rat (D:2)
  3 bushes (D:2)
36 creatures vanquished.

Vanquished Creatures (others)
  8 plants (D:2)
8 creatures vanquished.

Grand Total: 44 creatures vanquished

Notes
Turn   | Place    | Note
-------+----------+-------------------------------------------
     0 | D:1      | Gatts13 the Troll Fighter began the quest for the Orb.
     0 | D:1      | Reached XP level 1. HP: 22/22 MP: 0/0
   266 | D:1      | Reached XP level 2. HP: 29/29 MP: 1/1
   376 | D:1      | Found a faded altar of an unknown god.
  1371 | D:2      | Reached skill level 3 in Shields
  1371 | D:2      | Reached XP level 3. HP: 19/36 MP: 2/2
  1999 | D:3      | Noticed a water moccasin
  2013 | D:3      | Slain by a water moccasin

Illustrated notes

Levels and vault maps discovered:
D:1:      dpeg_arrival_refuge, layout_basic, basic_ecumenical_altar,
          minmay_misc_feat_tower, hangedman_glass_teeth
D:2:      layout_basic, serial_forest, infiniplex_forest_pool,
          infiniplex_forest_zigzag_2, infiniplex_forest_clump_diagonal,
          infiniplex_forest_clump_small, infiniplex_forest_lined_corner,
          infiniplex_forest_clump_cross, corexii_hall_statues_s,
          kennysheep_generic_room_15
D:3:      layout_basic, serial_bayou_pond_d, uniq_natasha

Skill      XL: |  1  2  3 |
---------------+----------+-----
Shields        | 3 |  3.0
Polearms       | 2 |  2.3
Fighting       | |  2.6
Dodging        | |  2.7

Action                   || total
-------------------------++-------
Melee: Trident           ||   431
Armor: Robe              ||    47
Dodge: Dodged            ||    51
Block: Kite shield       ||    54
